 Dungeon Crawl Stone Soup version 0.31-a0-187-gba352fbbf7 (webtiles) character file.

Game seed: 16590693777063595172

25 qw the Shooter (level 2, 0/16 HPs)
             Began as a Deep Elf Hunter on June 22, 2023.
             Slain by a worm (1 damage)
             ... on level 2 of the Dungeon.
             The game lasted 00:00:14 (818 turns).

qw the Shooter (Deep Elf Hunter)                     Turns: 818, Time: 00:00:15

Health: 0/16       AC:  5    Str:  8    XL:     2   Next: 86%
Magic:  4/4        EV: 10    Int: 13    God:
Gold:   67         SH:  0    Dex: 18    Spells: 1/1 levels left

rFire   . . .        Y - +0 shortbow
rCold   . . .        (shield currently unavailable)
rNeg    . . .        f - +0 ring mail
rPois   .            (no helmet)
rElec   .            (no cloak)
rCorr   .            (no gloves)
SInv    .            (no boots)
Will    .....        (no amulet)
Stlth   +            (no ring)
HPRegen 0.22/turn    (no ring)
MPRegen 0.09/turn

%: no passive effects
@: no status effects
A: no striking features
a: no special abilities


You were on level 2 of the Dungeon.
You visited 1 branch of the dungeon, and saw 2 of its levels.

You collected 67 gold pieces.


   Skills:
 - Level 1.5 Fighting
 + Level 6.5 Ranged Weapons
 - Level 2.4 Dodging
 - Level 1.2 Stealth


You had one spell level left.
You didn't know any spells.
Your spell library was empty.

Inventory:

Hand Weapons
 Y - a +0 shortbow (weapon)
Armour
 f - a +0 ring mail (worn)
Scrolls
 a - a scroll of identify
Potions
 j - a potion of magic {unknown}

Dungeon Overview and Level Annotations

Branches:
Dungeon (2/15)

Altars:

Shops:
D:1 [


Message History

A hobgoblin comes into view.
The adder bites you.
You are poisoned.
The adder poisons you!
You shoot an arrow. The hobgoblin shouts!
The arrow hits the adder.
The adder is heavily wounded.
You feel sick. The adder bites you.
You shoot an arrow. The arrow barely misses the adder.
You feel sick. The bat hits you but does no damage.
The adder bites you but does no damage. The bat hits you but does no damage.
The adder bites you.
You shoot an arrow. The arrow hits the adder!
You kill the adder!
You feel sick. The bat closely misses you.
You shoot an arrow. The arrow hits the bat.
The bat is moderately wounded.
You feel sick. The bat closely misses you. The bat hits you but does no damage.
You shoot an arrow. The arrow closely misses the bat.
You feel sick.
You are no longer poisoned.
The bat hits you but does no damage.
You shoot an arrow. The arrow barely misses the bat.
The bat closely misses you. The hobgoblin closely misses you.
The worm completely misses you.
You shoot an arrow. The arrow misses the bat.
The bat closely misses you. The hobgoblin hits you.
You shoot an arrow. The arrow hits the bat!
You kill the bat!
The hobgoblin hits you. The worm bites you but does no damage.
The hobgoblin hits you but does no damage.
You shoot an arrow.
The arrow hits the hobgoblin but does no damage.
The hobgoblin hits you but does no damage.
The worm bites you but does no damage.
You shoot an arrow. The arrow hits the hobgoblin.
The hobgoblin is lightly wounded.
The hobgoblin hits you. The worm bites you.
You die...

...... ...
....... .. .....
.. ..). .#
...#.## #.#...
#.w.# # #.@##.#..
########g.......#
#.....<%....###..
#....)......#
.......#.###..#
#........# #....
##.....#.# ....
#.......# ....
#......## ..


You could see a worm and a hobgoblin.

Vanquished Creatures
  An adder (D:2)
  4 bats
  An endoplasm (D:1)
  4 goblins
  A hobgoblin (D:2)
  2 ball pythons (D:1)
  A frilled lizard (D:1)
  3 rats
17 creatures vanquished.

Notes
Turn   | Place    | Note
-------+----------+-------------------------------------------
     0 | D:1      | qw the Deep Elf Hunter began the quest for the Orb.
     0 | D:1      | Reached XP level 1. HP: 12/12 MP: 3/3
     0 | D:1      | 0 ||| qw: Version: 0.3-a-9-g12657ce
     0 | D:1      | 0 ||| qw: Game counter: 2440
     0 | D:1      | 0 ||| qw: Always use a shield: true
     0 | D:1      | 0 ||| qw: God list: Okawaru
     0 | D:1      | 0 ||| qw: Allow faded altars: false
     0 | D:1      | 0 ||| qw: Do Orc after D:15 true
     0 | D:1      | 0 ||| qw: Do second Lair branch before Depths: true
     0 | D:1      | 0 ||| qw: Lair rune preference: random
     0 | D:1      | 0 ||| qw: Plans: Normal
     0 | D:1      | 0 ||| PLANNING D:1-11
   319 | D:1      | Reached XP level 2. HP: 16/16 MP: 4/4
   326 | D:1      | Reached skill level 6 in Ranged Weapons
   712 | D:1      | Found Picsemy's Armour Shop.
   716 | D:1      | 716 ||| UPGRADING to +0 ring mail.
   726 | D:1      | 726 ||| DROPPING +0 leather armour.
   727 | D:1      | 727 ||| READING 2 scrolls labelled RUAHOKEA OSHI.
   728 | D:1      | 728 ||| READING 2 scrolls labelled VIPNUCKENU.
   729 | D:1      | 729 ||| READING scroll labelled PAMYIXAFRI.
   730 | D:1      | 730 ||| READING scroll labelled BOJUNN BOET.
   731 | D:1      | 731 ||| READING scroll labelled EWKYUGOU DITY.
   732 | D:1      | 732 ||| DROPPING scroll of butterflies.
   733 | D:1      | 733 ||| DROPPING scroll of revelation.
   779 | D:2      | 779 ||| STAIRDANCE
   815 | D:2      | HP: 4/16 [hobgoblin (1)]
   818 | D:2      | HP: 1/16 [hobgoblin (1)]
   818 | D:2      | Slain by a worm

Levels and vault maps discovered:
D:1:      dpeg_arrival_stone_temple_mockup, layout_loops_ring, serial_shops,
          nicolae_shop_tiny_waterfront, serial_park_tiny_pond
D:2:      layout_rooms, basic_altar, st_stairs_8

Skill      XL: |  1  2 |
---------------+-------+-----
Ranged Weapons | 6 |  6.5
Fighting       | |  1.5
Dodging        | |  2.4
Stealth        | |  1.2

Action                     || total
---------------------------++-------
   Fire: Shortbow          ||    44
    Use: Scroll            ||     5
 Armour: Leather armour    ||     5
         Ring mail         ||    12
  Dodge: Dodged            ||    16

Table legend:
 A = Non-vault XP
 B = Vault XP
 C = Vault XP percentage of total XP
 D = Non-vault monster count
 E = Vault monster count
 F = Vault count percentage of total count
                 A         B        C        D         E       F
            +---------+---------+-------+---------+---------+-------
      Total |      37 |       0 |   0.0 |      17 |       0 |   0.0
            +---------+---------+-------+---------+---------+-------
        D:1 |      18 |       0 |   0.0 |      11 |       0 |   0.0
        D:2 |      19 |       0 |   0.0 |       6 |       0 |   0.0
            +---------+---------+-------+---------+---------+-------
